 Dungeon Crawl Stone Soup version 0.30.0-29-ga12c61a403 (webtiles) character file.

Game seed: 12121535666035764875

1954905 keni the Conqueror (level 27, 90/232 (245) HPs)
             Began as a Minotaur Fighter on June 24, 2023.
             Was the Champion of Qazlal.
             Escaped with the Orb
             ... and 3 runes on June 25, 2023!
             The game lasted 03:43:01 (52593 turns).

keni the Conqueror (Minotaur Fighter)              Turns: 52593, Time: 03:43:02

HP:   90/232 (245)  AC: 52    Str: 47 (48) XL:     27
MP:   32/32         EV: 11    Int: -3 (6)  God:    Qazlal [******]
Gold: 4748          SH: 20    Dex:  4 (5)  Spells: 26/26 levels left

rFire   + + +        a - +9 broad axe (freeze)
rCold   + + .        O - +3 warlock's mirror {omnireflect}
rNeg    . . .        d - +14 crystal plate armour of the Hippo {Int+3 SInv}
rPois   +            T - +2 hat {Stlth+}
rElec   .            X - scarf {rC+ rF+}
rCorr   .            Y - +2 pair of gloves {Str+3}
SInv    +            y - +2 pair of boots {rampage}
Will    ++++.        w - amulet of Vitality {RegenMP++ Regen++} Stlth
                     h - ring "Poettin" {rPois rF+ Str+3}
HPRegen 2.18/turn    i - ring of Duddekum {rF+ rC+ Will+ Dex-2 SInv}
MPRegen 1.03/turn

%: repel missiles, reflection, rampage
@: slowed, lost intelligence, studying Conjurations, drained, unable to read,
very slow
A: horns 2, retaliatory headbutt, clumsy 1, frail 1, strong-willed 1, sense
surroundings 1, strong 2
0: Orb of Zot
}: 3/15 runes: decaying, silver, gossamer
a: Renounce Religion, Upheaval, Elemental Force, Disaster Area


You escaped.
You worshipped Qazlal.
Qazlal was exalted by your worship.
You visited 10 branches of the dungeon, and saw 48 of its levels.
You visited the Abyss 3 times.
You also visited: Sewer, Ice Cave, Wizlab and Desolation.

You collected 9159 gold pieces.
You spent 4411 gold pieces at shops.

Inventory:

Hand Weapons
 a - a +9 broad axe of freezing (weapon)
 b - the +8 hand axe of the Middle {heavy, rElec MP+9}
   (You found it in the Desolation of Salt)

   rElec:     It insulates you from electricity.
   MP:        It affects your magic capacity (+9).
Missiles
 e - 14 atropa-tipped darts
 j - 13 boomerangs of dispersal
 M - 18 curare-tipped darts
 Q - 13 silver javelins (quivered)
Armour
 d - the +14 crystal plate armour of the Hippo (worn) {Int+3 SInv}
   (You acquired it on level 4 of the Dungeon)

   Int:       It affects your intelligence (+3).
   SInv:      It lets you see invisible.
 y - a +2 pair of boots of rampaging (worn)
 O - the +3 warlock's mirror (worn) {omnireflect}
   (You acquired it on level 11 of the Dungeon)

   Omnireflect: It can block and reflect piercing ranged attacks and magical
   attacks against the wielder's willpower.
 T - a +2 hat of stealth (worn)
 X - a scarf of resistance (worn)
 Y - a +2 pair of gloves of strength (worn)
Jewellery
 h - the ring "Poettin" (left hand) {rPois rF+ Str+3}
   (You found it on level 2 of the Dungeon)

   [ring of poison resistance]

   Str:       It affects your strength (+3).
   rF:        It protects you from fire.
   rPois:     It protects you from poison.
 i - the ring of Duddekum (right hand) {rF+ rC+ Will+ Dex-2 SInv}
   (You found it on level 2 of the Depths)

   [ring of protection from fire]

   Dex:       It affects your dexterity (-2).
   rF:        It protects you from fire.
   rC:        It protects you from cold.
   SInv:      It lets you see invisible.
   Will:      It increases your willpower.
 k - the ring of a Hundred Yaks {Fly Dex+3}
   (You found it in the Desolation of Salt)

   [ring of flight]

   Dex:       It affects your dexterity (+3).
   Fly:       It grants you flight.
 n - a ring of protection from fire
 w - the amulet of Vitality (around neck) {RegenMP++ Regen++}
   (You took it off an ironbound convoker on level 5 of the Vaults)

   [amulet of magic regeneration]

   It increases your rate of magic regeneration.
   Regen:     It increases your rate of health regeneration.
 J - a ring of protection from cold
 N - the ring of Jeapoj {rPois rF++ Slay+4 SInv}
   (You took it off a green draconian on level 3 of the Realm of Zot)

   [ring of slaying]

   Slay:      It affects your accuracy & damage with ranged weapons and melee
   (+4).
   rF:        It greatly protects you from fire.
   rPois:     It protects you from poison.
   SInv:      It lets you see invisible.
 V - the ring "Tuud" {rC++ Int+3 Dex+6}
   (You found it on level 3 of the Elven Halls)

   [ring of dexterity]

   Int:       It affects your intelligence (+3).
   Dex:       It affects your dexterity (+6).
   rC:        It greatly protects you from cold.
 W - a ring of resist corrosion
Wands
 r - a wand of digging (11)
 v - a wand of iceblast (37)
 x - a wand of flame (153)
 B - a wand of polymorph (35)
 C - a wand of charming (57)
 G - a wand of mindburst (16)
 P - a wand of quicksilver (26)
Scrolls
 c - 3 scrolls of silence
 f - 16 scrolls of teleportation
 m - 6 scrolls of fog
 p - 2 scrolls of brand weapon
 s - a scroll of magic mapping
 F - 9 scrolls of immolation
 H - 4 scrolls of summoning
 K - 3 scrolls of blinking
 L - 5 scrolls of fear
 U - 7 scrolls of poison
Potions
 l - 5 potions of berserk rage
 o - 26 potions of curing
 q - 15 potions of flight
 u - 4 potions of haste
 z - 10 potions of heal wounds
 A - 10 potions of might
 D - 8 potions of ambrosia
 I - 5 potions of resistance
 S - 2 potions of invisibility
 Z - 5 potions of cancellation
Miscellaneous
 g - a box of beasts
 t - a phantom mirror
 E - a lightning rod (4/4)
 R - a condenser vane


   Skills:
 O Level 27 Fighting
 O Level 27 Axes
 + Level 3.6 Throwing
 * Level 22.7 Armour
 * Level 18.2 Dodging
 + Level 3.2 Stealth
 + Level 25.0 Shields
 * Level 14.1 Invocations
 * Level 13.2 Evocations


You had 26 spell levels left.
You didn't know any spells.
Your spell library contained the following spells:

 Spells                   Type           Power      Damage    Failure   Level
 Apportation              Tloc           0%         N/A       96%         1
 Beastly Appendage        Tmut           0%         N/A       96%         1
 Foxfire                  Conj/Fire      0%         2x1d4     96%         1
 Magic Dart               Conj           0%         1d3       96%         1
 Necrotise                Necr           0%         1d4       96%         1
 Shock                    Conj/Air       0%         1d3       96%         1
 Slow                     Hex            0%         N/A       96%         1
 Blink                    Tloc           0%         N/A       99%         2
 Call Imp                 Summ           0%         N/A       99%         2
 Cigotuvi's Dreadful Rot  Necr/Pois/Air  0%         N/A       99%         2
 Ensorcelled Hibernation  Hex/Ice        0%         N/A       99%         2
 Lesser Beckoning         Tloc           0%         N/A       99%         2
 Momentum Strike          Conj/Tloc      0%         3d8       99%         2
 Poisonous Vapours        Pois/Air       0%         N/A       99%         2
 Searing Ray              Conj           0%         2d4       99%         2
 Sublimation of Blood     Necr           0%         N/A       99%         2
 Wereblood                Tmut           0%         N/A       99%         2
 Confusing Touch          Hex            0%         N/A       100%        3
 Dazzling Flash           Conj/Hex       0%         N/A       100%        3
 Frozen Ramparts          Ice            0%         1d1       100%        3
 Gell's Gravitas          Tloc           0%         N/A       100%        3
 Hailstorm                Conj/Ice       0%         3d3       100%        3
 Ignite Poison            Fire/Tmut/Pois 0%         N/A       100%        3
 Mephitic Cloud           Conj/Pois/Air  0%         N/A       100%        3
 Portal Projectile        Hex/Tloc       0%         N/A       100%        3
 Spider Form              Tmut/Pois      0%         N/A       100%        3
 Stone Arrow              Conj/Erth      0%         3d7       100%        3
 Teleport Other           Tloc           0%         N/A       100%        3
 Tukima's Dance           Hex            0%         N/A       100%        3
 Vampiric Draining        Necr           0%         2d6       100%        3
 Vhi's Electric Charge    Tloc/Air       0%         N/A       100%        3
 Anguish                  Hex/Necr       0%         N/A       100%        4
 Animate Armour           Summ/Erth      0%         N/A       100%        4
 Cause Fear               Hex            0%         N/A       100%        4
 Dispel Undead            Necr           0%         3d6       100%        4
 Fulminant Prism          Conj/Hex       0%         3d5       100%        4
 Ice Form                 Ice/Tmut       0%         N/A       100%        4
 Manifold Assault         Tloc           0%         N/A       100%        4
 Petrify                  Tmut/Erth      0%         N/A       100%        4
 Sticky Flame             Conj/Fire      0%         2d3       100%        4
 Summon Ice Beast         Ice/Summ       0%         N/A       100%        4
 Summon Lightning Spire   Summ/Air       0%         N/A       100%        4
 Agony                    Necr           0%         N/A       100%        5
 Alistair's Intoxication  Tmut/Pois      0%         N/A       100%        5
 Arcjolt                  Conj/Air       0%         1d10      100%        5
 Blade Hands              Tmut           0%         N/A       100%        5
 Borgnjor's Vile Clutch   Necr/Erth      0%         N/A       100%        5
 Fireball                 Conj/Fire      0%         3d3       100%        5
 Freezing Cloud           Conj/Ice/Air   0%         6-21      100%        5
 Irradiate                Conj/Tmut      0%         3d11      100%        5
 Silence                  Hex/Air        0%         N/A       100%        5
 Summon Forest            Summ/Tloc      0%         N/A       100%        5
 Conjure Ball Lightning   Conj/Air       0%         3x3d6     100%        6
 Death Channel            Necr           0%         N/A       100%        6
 Eringya's Noxious Bog    Tmut/Pois      0%         N/A       100%        6
 Iron Shot                Conj/Erth      0%         9d1       100%        6
 Plasma Beam              Fire/Air       0%         2x1d11    100%        6
 Simulacrum               Ice/Necr       0%         N/A       100%        6
 Starburst                Conj/Fire      0%         6d3       100%        6
 Dragon Form              Tmut           0%         N/A       100%        7
 Haunt                    Necr/Summ      0%         N/A       100%        7
 Orb of Destruction       Conj           0%         9d5       100%        7
 Spellforged Servitor     Conj/Summ      0%         N/A       100%        7
 Storm Form               Tmut/Air       0%         N/A       100%        7
 Summon Hydra             Summ           0%         N/A       100%        7
 Ignition                 Fire           0%         3d3       100%        8
 Lehudib's Crystal Spear  Conj/Erth      0%         10d2      100%        8
 Maxwell's Capacitive Co  Air            0%         ∞         100%        8
 Dragon's Call            Summ           0%         N/A       100%        9
 Polar Vortex             Ice            0%         N/A       100%        9
 Shatter                  Erth           0%         3d5*      100%        9


Dungeon Overview and Level Annotations

Branches:
Dungeon (15/15)            Temple (1/1) D:4            Lair (5/5) D:9
  Swamp (4/4) Lair:2       Spider (4/4) Lair:2        Slime (0/5) Lair:5
    Orc (2/2) D:10            Elf (3/3) Orc:2        Vaults (5/5) D:13
  Crypt (0/3) Vaults:3     Depths (4/4) D:15            Zot (5/5) Depths:4
  Sewer (visited)           IceCv (visited)          WizLab (visited)
Desolation (visited)

Altars:
Ashenzari
Cheibriados
Dithmenos
Elyvilon
Fedhas
Gozag
Hepliaklqana
Kikubaaqudgha
Makhleb
Nemelex Xobeh
Okawaru
Qazlal
Ru
Sif Muna
Trog
Uskayaw
Vehumet
Wu Jian
Xom
Yredelemnul
Zin
The Shining One
Jiyva

Shops:
D:8 **   D:12 =   D:13 ?[   D:14 *[!   Orc:2 [[([   Elf:1 *   Elf:2 !
Elf:3 ??[?(   Vaults:2 (   Depths:2 *

Portals:
Hell: Depths:1 Depths:2 Depths:3 Depths:4
Abyss: Depths:3
Pandemonium: Depths:2
Ziggurat: Depths:3

Annotations:
Elf:1 6 runed translucent doors
Zot:4 1 runed translucent door, Pongem's ghost, legendary MiAK


Innate Abilities, Weirdness & Mutations

You have a pair of horns on your head.
You reflexively headbutt those who attack you in melee.
You are clumsy. (Dex -2)
You are frail. (-10% HP)
You are strong-willed. (Will+)
You passively map a small area around you.
Your muscles are very strong. (Str +8, Int/Dex -2)


Message History

The neqoxec gestures at you.
You feel dopey.
You have lost your intelligence.
Something feeds on your intellect! The Tzitzimitl gestures at you.
The bolt of negative energy hits you!!
You feel drained.
The neqoxec hits you but does no damage.
You feel less protected from physical attacks.
The neqoxec gestures at you.
Strange energies course through your body.
You feel strong-willed.
You can move again.
You cannot read scrolls in your current state!
The neqoxec gestures at you.
You feel dopey. Something feeds on your intellect! The neqoxec gestures at you.
Strange energies course through your body.
You feel clumsy. The neqoxec attacks as you move away!
You block the neqoxec's attack. You block the neqoxec's attack.
You block the neqoxec's attack. The neqoxec attacks as you move away!
You block the neqoxec's attack. The Tzitzimitl gestures at you.
The bolt of negative energy hits the neqoxec.
The neqoxec completely resists.
The bolt of negative energy hits you!
You feel drained. The neqoxec gestures at you.
Your +3 warlock's mirror {omnireflect} blocks the Malmutate... and reflects it back!
The neqoxec twists and deforms.
An Orb Guardian comes into view.
The Orb Guardian moves out of view.
The neqoxec barely misses you. You furiously retaliate!
You headbutt the neqoxec!!
The Tzitzimitl calls on the powers of darkness!
The Orb Guardian convulses!
Your body is wracked with pain!
You block the neqoxec's attack. The neqoxec attacks as you move away!
You block the neqoxec's attack.
There is a staircase leading out of the dungeon here.
The neqoxec hits you but does no damage.
You have escaped!

....'......#.#.#.#.#.#...#.### #.
)...#......###.###.#.#####.#####.
....#..........1..>#.............
#.#.#....#.###.###.#.#####.......
....#....#.#.#.#.#X#.#...#.......
#.###....#.#.###.#.###.###.#.....
...........#..>..#.1..>#...#.....
...........###.###3###.###.#.....
.............#.#@X.#.#...#.#.....
...........###.#####.#####.#.....
...........................#.#...
..........###.######.....###.#...
..........###.##.........###.###.
..........................##.###.
..........................##.#...
~................................
~................................


You could see a Tzitzimitl, an Orb Guardian and a neqoxec (misshapen).

Vanquished Creatures
  A dread lich (Zot:5)
  2 ancient liches
  Mara (Swamp:4)
  8 orbs of fire
  Boris (Vaults:2)
  Margery (Vaults:2)
  4 Killer Klowns
  5 curse toes
  7 golden dragons
  Nikola (Swamp:4)
  2 bone dragons
  3 electric golems
  11 tentacled monstrosities
  Rupert (D:13)
  4 liches
  A walking crystal tome (Depths:2)
  25 Orb Guardians
  Mlioglotl (Spider:1)
  9 titans
  6 quicksilver dragons
  2 deep elf master archers (Elf:3)
  3 deep elf blademasters
  3 tentacled starspawn
  3 Executioners
  3 death cobs
  5 sphinxes
  Kirke (Spider:1)
  Gastronok (Lair:2)
  9 shadow dragons
  Agnes (Spider:1)
  7 draconian monks
  13 storm dragons
  2 fenstrider witches
  2 thorn hunters (Swamp:2)
  8 tengu reavers
  11 emperor scorpions
  3 deep elf sorcerers
  8 draconian knights
  11 frost giants
  6 fire giants
  Louise (Elf:1)
  3 imperial myrmidons (Desolation)
  A caustic shrike zombie (Depths:1)
  17 vault wardens
  2 angels (Vaults:2)
  7 draconian scorchers
  The ghost of G0Dl1kE the Fighter, a journeyman HOMo of Beogh (Orc:2)
  8 ghost moths
  5 deep elf elementalists
  16 ironbound preservers
  5 ironbound thunderhulks
  2 orc warlords (Depths:3)
  24 very ugly things
  2 draconian stormcallers
  A spriggan defender (Depths:2)
  14 stone giants
  3 war gargoyles
  4 draconian shifters
  4 broodmothers
  2 draconian annihilators
  An eleionoma (Swamp:1)
  A vampire knight (Depths:2)
  9 deep elf demonologists
  11 green draconians
  A lorocyproca (Zot:5)
  9 purple draconians
  8 dire elephants
  9 black draconians
  8 yellow draconians
  An orange crystal statue (WizLab)
  4 bunyips
  6 deep elf annihilators
  A halazid warlock (Desolation)
  12 white draconians
  7 red draconians
  9 spark wasps
  An eidolon (Vaults:2)
  Snorg (Orc:1)
  9 fire dragons
  4 deep elf death magi (Elf:3)
  6 ettins
  5 shambling mangroves
  6 crystal guardians
  3 great orbs of eyes
  A merfolk javelineer (Depths:3)
  10 entropy weavers
  A jiangshi (Vaults:3)
  4 deep elf high priests
  5 ragged hierophants (Desolation)
  9 ice dragons
  3 spriggan zombies
  3 servants of whispers (Desolation)
  13 yaktaur captains
  5 rakshasas
  4 radroaches
  3 ghost crabs (Swamp:4)
  2 catoblepae
  A hell beast (Depths:2)
  9 peacekeepers
  2 salamander tyrants (Depths:4)
  A death knight (Vaults:3)
  5 spriggan air magi
  32 vault guards
  7 alligators
  4 ogre magi
  12 hydras
  2 jorogumos (Spider:3)
  12 two-headed ogres
  A satyr (shapeshifter) (Vaults:5)
  23 dancing weapons
  8 centaur warriors
  2 tengu warriors
  5 ironbound frosthearts
  5 boulder beetles
  A death scarab (Spider:4)
  5 death yaks (IceCv)
  13 deep troll earth magi
  A vampire mage (Depths:2)
  Urug (D:13)
  10 deep troll shamans
  7 spriggan berserkers
  4 hell knights (Vaults:2)
  Sonja (Lair:2)
  A storm dragon zombie (Depths:1)
  9 spriggans
  A salamander mystic (Depths:4)
  Amaemon (Lair:1)
  17 deep elf knights
  6 iron trolls
  A fire crab (shapeshifter) (Vaults:5)
  2 sun moths
  A glowing orange brain (Depths:2)
  14 pharaoh ants
  A golden dragon zombie (Depths:1)
  7 bog bodies
  6 goliath frogs
  3 skeletal warriors (D:15)
  64 deep trolls
  5 spriggan druids
  A swamp dragon (shapeshifter) (Elf:1)
  5 flayed ghosts
  An anaconda skeleton (Abyss:2)
  17 orb spiders
  18 ironbound convokers
  An obsidian statue (Zot:5)
  A shadow demon (D:5)
  3 swamp dragons
  22 deep elf archers
  5 phantasmal warriors
  2 wizards
  27 deep elf pyromancers
  2 spectral hydras (Swamp:4)
  7 necromancers
  4 steelbarb worms
  12 lindwurms
  6 orc knights
  22 deep elf zephyrmancers
  A mana viper (shapeshifter) (Depths:2)
  22 wolf spiders
  2 fire giant zombies
  4 will-o-the-wisps
  2 orc sorcerers
  26 ugly things
  7 cyclopes
  12 starcursed masses
  8 oklob plants
  5 salamanders (Depths:4)
  10 elephants
  Maurice (D:9)
  A worldbinder (Abyss:2)
  A manticore (shapeshifter) (Depths:1)
  2 manticores
  7 vault sentinels
  2 stone giant zombies
  3 guardian serpents (Desolation)
  A toenail golem (Abyss:4)
  2 rust devils (Depths:2)
  6 black mambas
  4 demonic crawlers
  22 moths of wrath
  11 apocalypse crabs (Zot:2)
  A molten gargoyle (Desolation)
  12 cane toads
  4 smoke demons (Abyss:4)
  5 torpor snails
  2 orange demons
  3 gargoyles
  An ice statue (IceCv)
  9 komodo dragons
  2 swamp worm zombies (Swamp:4)
  4 tengu conjurers
  Psyche (D:9)
  A rime drake (Lair:5)
  17 yaktaurs
  An ice devil (Depths:2)
  3 freezing wraiths
  2 human skeletons
  A harpy zombie (Abyss:2)
  4 hydra zombies (Swamp:4)
  3 meliai (Spider:1)
  A meliai (shapeshifter) (Vaults:5)
  3 ancient zymes
  14 trolls
  A bloated husk (Swamp:4)
  2 human zombies (Vaults:2)
  18 polar bears
  15 hornets
  A tengu simulacrum (Vaults:2)
  5 alligator zombies (Swamp:4)
  28 tarantellas
  6 spectral swamp dragons (Swamp:4)
  51 saltlings (Desolation)
  13 blink frogs
  7 tyrant leeches
  A dream sheep (shapeshifter) (D:13)
  11 raiju
  A centaur simulacrum (D:15)
  A spriggan (shapeshifter) (D:13)
  2 air elementals
  26 culicivoras
  4 flying skulls (Abyss:4)
  A shadow (Abyss:4)
  27 jumping spiders
  19 slime creatures
  A fire elemental (Elf:2)
  A vampire (Abyss:4)
  2 ettin skeletons (Vaults:2)
  2 wyverns
  7 basilisks
  9 water elementals
  A ynoxinul (Abyss:4)
  55 yaks
  A fire bat (shapeshifter) (Elf:3)
  4 wraiths
  5 hogs (Spider:1)
  A chaos spawn (Abyss:2)
  3 steam dragons
  16 humans (D:13)
  2 neqoxecs (Abyss:4)
  72 redbacks
  Grum (D:9)
  16 swamp worms
  9 large abominations
  27 vampire mosquitoes
  4 wargs (Lair:5)
  12 water moccasins
  5 acid dragons
  12 hell hounds (Lair:5)
  Duvessa (D:6)
  A floating eye (Depths:3)
  4 swamp drakes
  3 ice beasts
  12 black bears
  Pargi (Sewer)
  14 orc warriors
  2 ice beasts (shapeshifter)
  22 ogres
  2 swamp dragon zombies (Swamp:4)
  39 wolves
  4 boggarts (Vaults:2)
  A sky beast (D:7)
  5 phantoms (Swamp:4)
  4 centaurs
  5 bullfrogs
  A human simulacrum (Vaults:4)
  4 scorpions
  An earth elemental (Elf:1)
  A gnoll sergeant (D:5)
  A cane toad simulacrum (Lair:3)
  Dowan (D:6)
  A jelly (D:7)
  5 electric eels (D:13)
  5 howler monkeys
  A gnoll bouda (D:7)
  6 orc priests
  2 sleepcaps
  6 iguanas
  14 orc wizards
  A polar bear simulacrum (Lair:3)
  2 small abominations
  A wolf simulacrum (Lair:3)
  12 gnolls
  13 adders
  A shadow imp (D:6)
  2 white imps
  An ufetubus (Abyss:2)
  2 worms (D:5)
  3 dart slugs
  59 orcs
  9 ball pythons
  2 bats
  7 endoplasms
  5 giant cockroaches
  6 goblins
  6 hobgoblins
  7 jackals
  8 quokkas
  8 frilled lizards
  A goblin skeleton (D:6)
  2 goblin zombies (D:6)
  6 hobgoblin zombies (D:6)
  7 kobolds
  2 kobold skeletons (D:6)
  2 kobold zombies (D:6)
  An orc skeleton (D:6)
  2 rats (D:1)
  2 spectral weapons
  A starspawn tentacle (Abyss:2)
2096 creatures vanquished.

Vanquished Creatures (collateral kills)
  A draconian monk (Zot:1)
  An imperial myrmidon (Desolation)
  A white draconian (Zot:1)
  A peacekeeper (Desolation)
  An ironbound frostheart (Vaults:3)
  A deep troll (Vaults:3)
  An ugly thing (D:14)
  A large abomination (Abyss:2)
  A tormentor (Abyss:4)
  A saltling (Desolation)
  A starcursed mass (Abyss:4)
11 creatures vanquished.

Vanquished Creatures (others)
  A tentacled monstrosity (Zot:5)
  A draconian knight (Zot:1)
  A yellow draconian (Zot:1)
  A ragged hierophant (Desolation)
  A deep elf knight (Elf:1)
  A deep elf archer (Vaults:4)
  A wizard (Vaults:3)
  2 deep elf pyromancers
  An orc knight (Depths:3)
  5 bloated husks
  A raiju (Abyss:2)
  A vampire mosquito (Swamp:1)
  A swamp worm (Swamp:1)
  A swamp dragon zombie (Swamp:4)
  22 foxfires
  4 starspawn tentacles
45 creatures vanquished.

Grand Total: 2152 creatures vanquished

Notes
Turn   | Place    | Note
-------+----------+-------------------------------------------
     0 | D:1      | keni the Minotaur Fighter began the quest for the Orb.
     0 | D:1      | Reached XP level 1. HP: 19/19 MP: 0/0
   220 | D:1      | Reached XP level 2. HP: 27/27 MP: 1/1
   595 | D:1      | Reached XP level 3. HP: 31/33 MP: 2/2
   910 | D:2      | Identified the ring "Poettin" {rPois rF+ Str+3}
   971 | D:2      | Found an ancient bone altar of Kikubaaqudgha.
  1005 | D:2      | Reached XP level 4. HP: 29/40 MP: 3/3
  1396 | D:3      | Found a burning altar of Makhleb.
  1845 | D:4      | Reached XP level 5. HP: 46/46 MP: 4/4
  1866 | D:4      | Reached skill level 5 in Axes
  1980 | D:4      | Noticed an orc warrior
  2001 | D:4      | Killed an orc warrior
  2002 | D:4      | Reached XP level 6. HP: 10/53 MP: 5/5
  2216 | D:4      | Reached skill level 5 in Armour
  2217 | D:4      | Identified a scroll of acquirement
  2217 | D:4      | Acquired the +14 crystal plate armour of the Hippo {Int+3
                  | SInv}
  2252 | D:4      | Identified the +2 leather armour of Kikubaaqudgha's Grace
                  | {rPois Regen+ Dex-4}
  2280 | D:4      | Found a staircase to the Ecumenical Temple.
  2288 | Temple   | Entered the Ecumenical Temple
  2439 | Temple   | Became a worshipper of Qazlal Stormbringer
  2759 | D:4      | Found a bloodstained altar of Trog.
  2776 | D:5      | Entered Level 5 of the Dungeon
  2830 | D:5      | Found a glowing drain.
  2853 | D:5      | Reached XP level 7. HP: 58/60 MP: 6/6
  2892 | Sewer    | Entered a sewer
  2933 | Sewer    | Noticed Pargi
  2939 | Sewer    | Killed Pargi
  2993 | Sewer    | Reached * piety under Qazlal
  3150 | D:5      | Reached skill level 5 in Fighting
  3688 | D:5      | Found a hazy altar of Hepliaklqana.
  4083 | D:6      | Reached XP level 8. HP: 69/69 MP: 7/7
  4272 | D:6      | Found a glowing golden altar of the Shining One.
  4544 | D:6      | Noticed Duvessa
  4609 | D:6      | Noticed Dowan
  4734 | D:6      | Killed Dowan
  4735 | D:6      | Reached skill level 10 in Axes
  4753 | D:6      | Killed Duvessa
  4753 | D:6      | Reached ** piety under Qazlal
  4754 | D:6      | Reached skill level 5 in Shields
  5211 | D:6      | Acquired a manual of Fighting
  5308 | D:7      | Found a sacrificial altar of Ru.
  5367 | D:7      | Found an opulent altar of Gozag.
  5403 | D:7      | Reached XP level 9. HP: 78/78 MP: 8/8
  5530 | D:7      | Found a glowing silver altar of Zin.
  6244 | D:8      | Noticed a +0 dagger
  6244 | D:8      | Noticed a +0 short sword
  6244 | D:8      | Noticed a +0 falchion
  6245 | D:8      | Noticed a +0 falchion
  6245 | D:8      | Noticed a +0 dagger
  6246 | D:8      | Noticed a +0 short sword
  6247 | D:8      | Noticed a +0 spear
  6248 | D:8      | Noticed a +0 spear
  6250 | D:8      | Found a hide-covered altar of Uskayaw.
  6279 | D:8      | Reached *** piety under Qazlal
  6380 | D:8      | Found Amecuma's Assorted Antiques.
  6447 | D:8      | Found Ojoroar's Assorted Antiques.
  6690 | D:9      | Noticed a two-headed ogre
  6696 | D:9      | Killed a two-headed ogre
  6697 | D:9      | Reached skill level 10 in Fighting
  6697 | D:9      | Reached XP level 10. HP: 87/93 MP: 9/9
  6724 | D:9      | Noticed Grum
  6731 | D:9      | Killed Grum
  7066 | D:9      | Noticed Maurice
  7073 | D:9      | Killed Maurice
  7117 | D:9      | Found a staircase to the Lair.
  7366 | D:9      | Noticed Psyche
  7370 | D:9      | Killed Psyche
  7746 | D:10     | Entered Level 10 of the Dungeon
  7762 | D:10     | Found a staircase to the Orcish Mines.
  7768 | D:10     | Reached skill level 15 in Axes
  8569 | D:11     | Reached XP level 11. HP: 86/104 MP: 10/10
  8894 | D:11     | Reached **** piety under Qazlal
  8951 | D:11     | Acquired the +3 warlock's mirror {omnireflect}
  8951 | D:11     | Found the +3 warlock's mirror {omnireflect}
  9262 | D:11     | Found a shimmering blue altar of Sif Muna.
  9465 | D:12     | Noticed a brown ugly thing
  9481 | D:12     | Killed a brown ugly thing
  9973 | D:12     | Found Gehemom's Jewellery Shoppe.
 10173 | D:13     | Noticed a centaur warrior
 10173 | D:13     | Noticed a centaur warrior
 10173 | D:13     | Noticed Urug
 10173 | D:13     | Noticed Rupert
 10173 | D:13     | Found a gate to the Vaults.
 10259 | D:13     | Found Firihiuk's Armour Shoppe.
 10301 | D:13     | Bought a +1 pair of boots of rampaging for 198 gold pieces
 10386 | D:13     | Found Hoarar's Magic Scroll Shoppe.
 10392 | D:13     | Bought a scroll of enchant armour for 97 gold pieces
 10392 | D:13     | Bought a scroll of blinking for 97 gold pieces
 10486 | D:13     | Noticed a centaur warrior
 10487 | D:13     | Noticed a centaur warrior
 10497 | D:13     | Killed a centaur warrior
 10499 | D:13     | Killed a centaur warrior
 10591 | D:13     | Reached XP level 12. HP: 115/118 MP: 11/11
 10605 | Abyss:2  | Cast into level 2 of the Abyss (Urug)
 10620 | Abyss:2  | Noticed a lich
 10623 | Abyss:2  | Reached skill level 15 in Fighting
 10628 | Abyss:2  | Killed a lich
 10658 | D:13     | Escaped the Abyss
 10666 | D:13     | Killed Urug
 10685 | D:13     | Killed Rupert
 10703 | D:13     | Killed a centaur warrior
 10810 | D:13     | Noticed a centaur warrior
 10816 | D:13     | Killed a centaur warrior
 10888 | D:13     | Killed a centaur warrior
 10889 | D:13     | Reached skill level 10 in Armour
 11106 | D:13     | Noticed an eight-headed hydra
 11111 | D:13     | Killed a nine-headed hydra
 11113 | D:13     | Noticed a boulder beetle
 11126 | D:13     | Killed a boulder beetle
 11126 | D:13     | Reached ***** piety under Qazlal
 11145 | D:13     | Noticed a boulder beetle
 11147 | D:13     | Noticed a sphinx
 11154 | D:13     | Killed a boulder beetle
 11155 | D:13     | Reached XP level 13. HP: 77/132 MP: 12/12
 11161 | D:13     | Killed a sphinx
 11494 | D:13     | Identified the +8 rapier "Muhoeh" {pain, rPois Int+2 SInv}
 11499 | D:13     | Identified the staff of poison "Gaunt" {rPois Will+ SInv
                  | Stlth+}
 11556 | D:14     | Found Xugeumext's Neck Hole.
 12021 | D:14     | Reached skill level 10 in Shields
 12443 | D:14     | Found Mauvetwatz's Distillery.
 12479 | D:14     | Found Ofiomi's Antique Armour Boutique.
 12589 | D:14     | Bought a scarf of resistance for 480 gold pieces
 12683 | Lair:1   | Entered Level 1 of the Lair of Beasts
 12694 | Lair:1   | Noticed Amaemon
 12710 | Lair:1   | Killed Amaemon
 13478 | Lair:2   | Found a hole to the Spider Nest.
 13483 | Lair:2   | Noticed Gastronok
 13492 | Lair:2   | Killed Gastronok
 13587 | Lair:2   | Found a staircase to the Swamp.
 13715 | Lair:2   | Noticed Sonja
 13725 | Lair:2   | Reached XP level 14. HP: 144/144 MP: 13/13
 13725 | Abyss:2  | Found a corrupted altar of Lugonu.
 13725 | Abyss:2  | Cast into level 2 of the Abyss (Sonja)
 13743 | Abyss:2  | Found a corrupted altar of Lugonu.
 13807 | Abyss:2  | Noticed an Executioner
 13821 | Abyss:2  | Killed an Executioner
 13824 | Abyss:2  | Noticed a tentacled starspawn
 13829 | Abyss:2  | Killed a tentacled starspawn
 13838 | Abyss:2  | Reached skill level 1 in Throwing
 13967 | Lair:2   | Escaped the Abyss
 14191 | Lair:1   | Gained mutation: Armour fits poorly on your strangely
                  | shaped body. [potion of mutation]
 14191 | Lair:1   | Gained mutation: Your flesh is cold resistant. (rC+)
                  | [potion of mutation]
 14192 | Lair:1   | Lost mutation: Armour fits poorly on your strangely shaped
                  | body. [potion of mutation]
 14192 | Lair:1   | Lost mutation: Your flesh is cold resistant. (rC+) [potion
                  | of mutation]
 14192 | Lair:1   | Gained mutation: You are partially covered in large bone
                  | plates. (SH +4) [potion of mutation]
 14193 | Lair:1   | Lost mutation: You are partially covered in large bone
                  | plates. (SH +4) [potion of mutation]
 14193 | Lair:1   | Gained mutation: You have hidden genetic defects. [potion
                  | of mutation]
 14194 | Lair:1   | Lost mutation: You have hidden genetic defects. [potion of
                  | mutation]
 14194 | Lair:1   | Gained mutation: Your muscles are strong. (Str +4, Int/Dex
                  | -1) [potion of mutation]
 14194 | Lair:1   | Gained mutation: You are strong-willed. (Will+) [potion of
                  | mutation]
 14240 | Lair:2   | Killed Sonja
 14685 | Lair:3   | Found a frozen archway.
 14709 | IceCv    | Entered an ice cave
 15074 | IceCv    | Reached ****** piety under Qazlal
 15168 | IceCv    | Identified the +0 robe of the Echidna {rN++ Str+5 Stlth-}
 15649 | Lair:3   | You fall into a shaft and drop 2 floors!
 15649 | Lair:5   | Entered Level 5 of the Lair of Beasts
 15724 | Lair:3   | Identified the +2 robe of Dim Light {rCorr}
 16932 | Lair:4   | Reached XP level 15. HP: 150/155 MP: 12/14
 17012 | Lair:5   | Reached skill level 1 in Stealth
 17252 | D:8      | Bought a pair of runed gloves for 195 gold pieces
 17405 | D:14     | Bought a potion of curing for 42 gold pieces
 17405 | D:14     | Bought a potion of heal wounds for 70 gold pieces
 17405 | D:14     | Bought a potion of curing for 42 gold pieces
 17405 | D:14     | Bought a potion of haste for 140 gold pieces
 17405 | D:14     | Bought 2 potions of curing for 84 gold pieces
 17405 | D:14     | Bought a potion of heal wounds for 70 gold pieces
 17405 | D:14     | Bought a potion of heal wounds for 70 gold pieces
 18284 | Lair:5   | Found a viscous altar of Jiyva.
 18286 | Lair:5   | Found a staircase to the Slime Pits.
 18628 | Swamp:1  | Entered Level 1 of the Swamp
 19045 | Swamp:1  | Noticed a fenstrider witch
 19058 | Swamp:1  | Killed a fenstrider witch
 19816 | Swamp:2  | Noticed a thorn hunter
 19825 | Swamp:2  | Killed a thorn hunter
 19828 | Swamp:2  | You fall into a shaft and drop 1 floor!
 19859 | Swamp:3  | Noticed a tentacled monstrosity
 19875 | Swamp:3  | Killed a tentacled monstrosity
 19876 | Swamp:3  | Reached XP level 16. HP: 119/168 MP: 13/15
 20128 | Swamp:2  | Noticed a thorn hunter
 20139 | Swamp:2  | Killed a thorn hunter
 20822 | Swamp:3  | Reached skill level 1 in Evocations
 20829 | Swamp:3  | Reached skill level 1 in Invocations
 21204 | Swamp:4  | Entered Level 4 of the Swamp
 21214 | Swamp:4  | Reached skill level 1 in Dodging
 21395 | Swamp:4  | Noticed Nikola
 21671 | Swamp:4  | Killed Nikola
 21792 | Swamp:4  | Noticed Mara
 21804 | Swamp:4  | Noticed keni's illusion
 21846 | Swamp:4  | Killed Mara
 22245 | Swamp:4  | Identified the +3 trident of the Scorpion {heavy, *Corrode
                  | Will+ Stlth+}
 22254 | Swamp:4  | Noticed a bone dragon
 22270 | Swamp:4  | Killed a bone dragon
 22328 | Swamp:4  | Got a decaying rune of Zot
 22569 | Spider:1 | Entered Level 1 of the Spider Nest
 22764 | Spider:1 | Noticed Agnes
 22769 | Spider:1 | Killed Agnes
 22931 | Spider:1 | Reached XP level 17. HP: 175/178 MP: 18/18
 22944 | Spider:1 | Noticed Kirke
 22955 | Spider:1 | Killed Kirke
 23154 | Spider:1 | Noticed Mlioglotl
 23161 | Spider:1 | Killed Mlioglotl
 23650 | Spider:2 | Reached skill level 5 in Dodging
 23970 | Spider:2 | Identified the +8 chain mail of Kindness {Harm rElec Str+3
                  | Int+2}
 24174 | Spider:3 | Reached skill level 15 in Shields
 24921 | Spider:3 | Reached skill level 5 in Invocations
 24921 | Spider:3 | Reached skill level 5 in Evocations
 25506 | Spider:4 | Entered Level 4 of the Spider Nest
 25615 | Spider:3 | Reached XP level 18. HP: 180/190 MP: 18/20
 25966 | Spider:4 | Got a gossamer rune of Zot
 26716 | Orc:1    | Entered Level 1 of the Orcish Mines
 26724 | Orc:1    | Noticed Snorg
 26734 | Orc:1    | Killed Snorg
 26893 | Orc:2    | Entered Level 2 of the Orcish Mines
 26893 | Orc:2    | Found a runed translucent gate.
 26893 | Orc:2    | Found a runed translucent gate.
 26893 | Orc:2    | Found a runed translucent gate.
 26894 | Orc:2    | Noticed G0Dl1kE's ghost (journeyman HOMo)
 27195 | Orc:2    | Found Odithrull's Armour Emporium.
 27215 | Orc:2    | Found Heforygg's Antique Weapon Shoppe.
 27219 | Orc:2    | Found Jijepop's Armour Shop.
 27232 | Orc:2    | Found Hekyqyem's Armour Shoppe.
 27300 | Orc:2    | Found a staircase to the Elven Halls.
 27511 | Orc:2    | Killed G0Dl1kE's ghost
 27577 | Elf:1    | Entered Level 1 of the Elven Halls
 27844 | Elf:1    | Noticed Louise
 27859 | Elf:1    | Killed Louise
 27983 | Elf:1    | Paralysed by an air elemental for 1 turns
 27986 | Elf:1    | Paralysed by an air elemental for 1 turns
 28016 | Elf:1    | Noticed a Brimstone Fiend
 28019 | Elf:1    | Noticed an Ice Fiend
 28034 | Elf:1    | Reached XP level 19. HP: 176/200 MP: 11/22
 28071 | Elf:1    | Found a runed translucent gate.
 28071 | Elf:1    | Found a runed translucent gate.
 28071 | Elf:1    | Found a runed translucent gate.
 28071 | Elf:1    | Found a runed translucent gate.
 28071 | Elf:1    | Found a runed translucent gate.
 28077 | Elf:1    | Found a runed translucent gate.
 28079 | Elf:1    | Got the Essays on Ghastly Correspondence
 28254 | Elf:1    | Found Ulou's Overcharged Wands.
 28555 | Elf:2    | Identified the +5 quarterstaff of Dust {freeze, Int+5}
 28628 | Elf:2    | Got the Textbook on the Polluted Volcano
 28815 | Elf:2    | Found a runed translucent gate.
 28826 | Elf:2    | Found a runed translucent gate.
 28827 | Elf:2    | Found a runed translucent gate.
 28879 | Elf:2    | Found Wastreofe's Distillery.
 28887 | Elf:2    | Bought a potion of might for 68 gold pieces
 28887 | Elf:2    | Bought a potion of might for 68 gold pieces
 29171 | D:8      | Bought an emerald potion for 23 gold pieces
 29171 | D:8      | Reached XP level 20. HP: 209/209 MP: 24/24
 29194 | D:8      | Bought a box of beasts for 1080 gold pieces
 29951 | Elf:3    | Entered Level 3 of the Elven Halls
 30306 | Elf:3    | Found Saam's Antique Weapon Emporium.
 30417 | Elf:3    | Found Korgh's Magic Scroll Emporium.
 30428 | Elf:3    | Bought a scroll of magic mapping for 120 gold pieces
 30428 | Elf:3    | Bought a scroll of magic mapping for 120 gold pieces
 30428 | Elf:3    | Bought 3 scrolls of teleportation for 144 gold pieces
 30447 | Elf:3    | Identified the +4 flail of Jiudd {spect, rF- Dex+4}
 30650 | Elf:3    | Found Xedduuke's Armour Emporium.
 30711 | Elf:3    | Found Ycuvecuf's Magic Scroll Shoppe.
 30720 | Elf:3    | Bought a scroll of enchant weapon for 120 gold pieces
 30720 | Elf:3    | Bought a scroll of brand weapon for 152 gold pieces
 31370 | Elf:3    | Identified the +7 falchion "Werojitt" {drain, rC+ Str+4
                  | Dex-4}
 31390 | Elf:3    | Identified the +0 scale mail of Card Tricks {rF+ Dex+5}
 31435 | Elf:3    | Identified the amulet of Disaster {Regen+ Str+3}
 31443 | Elf:3    | Identified the +7 arbalest "Veleg" {penet, Int+6 Dex+2}
 31480 | Elf:3    | Identified the ring "Tuud" {rC++ Int+3 Dex+6}
 31486 | Elf:3    | Found the +9 sword of Power {lifebolt}
 31497 | Elf:3    | Identified the +2 scimitar of Fimbulwinter {venom, Str+3
                  | Int+3}
 31504 | Elf:3    | Identified the +7 mace of Emeil {holy, Dex+3}
 31505 | Elf:3    | Found the +8 autumn katana {manifold assault}
 31510 | Elf:3    | Identified the +6 long sword of Profit {holy, rF+}
 31869 | Elf:3    | Found Noown's Magic Scroll Shoppe.
 31888 | Elf:3    | Bought a scroll of summoning for 133 gold pieces
 31888 | Elf:3    | Bought a scroll of enchant armour for 105 gold pieces
 32147 | D:15     | Entered Level 15 of the Dungeon
 32337 | D:15     | Found a staircase to the Depths.
 32459 | D:15     | Found a stormy altar of Qazlal.
 33105 | Vaults:1 | Entered Level 1 of the Vaults
 33196 | Vaults:2 | Found Taabos's Weapon Emporium.
 33259 | Vaults:2 | Reached XP level 21. HP: 218/218 MP: 26/26
 33265 | Vaults:2 | Found a crumbling gateway.
 33268 | Vaults:2 | Found a glowing silver altar of Zin.
 33268 | Vaults:2 | Found a white marble altar of Elyvilon.
 33268 | Vaults:2 | Found a glowing golden altar of the Shining One.
 33288 | Desolati | Entered the Desolation of Salt
 33369 | Desolati | Identified the +5 plate armour of the Will of the Gods
                  | {MP+9}
 33925 | Desolati | Identified the ring of a Hundred Yaks {Fly Dex+3}
 33931 | Desolati | Identified the staff of fire "Ysecuyt" {rF+ rC+ Stlth+}
 33935 | Desolati | Identified the +7 spear "Jomidiev" {freeze, Str+2 Int+3
                  | Dex-2}
 34029 | Desolati | Identified the +10 mace of Maerph {flame, rN+}
 34035 | Desolati | Identified the +0 leather armour "Ecirhiol" {rPois rN++
                  | Regen+ Dex+2}
 34037 | Desolati | Identified the +8 hand axe of the Middle {heavy, rElec
                  | MP+9}
 34051 | Desolati | Identified the +4 ring mail "Ripinioffa" {Str+4 SInv}
 34053 | Desolati | Identified the +0 ring mail "Nonud" {+Inv Str+3 Slay+3}
 34060 | Desolati | Identified the +0 robe of Gufalana {Will+ Int+3}
 34062 | Desolati | Identified the +2 robe "Jiesaun" {rPois rC- Slay+3}
 34069 | Desolati | Identified the +1 robe of Zin's Brutal Revenge {Rampage}
 34441 | Vaults:2 | Noticed Margery
 34452 | Vaults:2 | Killed Margery
 34474 | Vaults:2 | Reached skill level 10 in Dodging
 34793 | Vaults:2 | Noticed an ancient lich
 34805 | Vaults:2 | Killed an ancient lich
 34843 | Vaults:2 | Identified the ring of Qufe {rN+ Dex-4 SInv Stlth+}
 34993 | Vaults:2 | Noticed Boris
 35002 | Vaults:2 | Killed Boris
 35708 | Vaults:3 | Found a magical portal.
 35765 | WizLab   | Entered Wucad Mu's Monastery
 36008 | WizLab   | Found the crystal ball of Wucad Mu {*channel}
 36309 | Vaults:3 | You fall into a shaft and drop 1 floor!
 36330 | Vaults:4 | Reached skill level 15 in Armour
 36427 | Vaults:4 | Reached XP level 22. HP: 231/231 MP: 28/28
 36509 | Vaults:3 | Found a staircase to the Crypt.
 37335 | Abyss:4  | Cast into level 4 of the Abyss (a deep elf sorcerer)
 37434 | Abyss:4  | Gained mutation: Your magical capacity is low. (-10% MP) [a
                  | neqoxec]
 37436 | Abyss:4  | Reached skill level 10 in Invocations
 37471 | Abyss:4  | Reached XP level 23. HP: 87/239 MP: 26/26
 37506 | Abyss:4  | Reached skill level 27 in Fighting
 37526 | Vaults:4 | Escaped the Abyss
 38321 | Vaults:5 | Entered Level 5 of the Vaults
 38327 | Vaults:5 | Reached skill level 27 in Axes
 38346 | Vaults:5 | Reached skill level 10 in Evocations
 38373 | Vaults:5 | Reached XP level 24. HP: 76/249 MP: 27/27
 38915 | Vaults:5 | Got the Anthology of the Reformed Comitatus
 38934 | Vaults:5 | Got Sif Muna's Anthology of Unholy Conflict
 38940 | Vaults:5 | Identified the +10 plate armour of the Dropbear {rC+ Str+8
                  | Dex-4}
 39400 | Vaults:5 | Found the +7 Spriggan's Knife {stab, EV+4 Stlth+}
 39405 | Vaults:5 | Identified the staff of cold "Lolowkal" {rC+ Will++ Str+3}
 39407 | Vaults:5 | Got a silver rune of Zot
 40006 | Depths:1 | Entered Level 1 of the Depths
 40175 | Depths:1 | You fall into a shaft and drop 1 floor!
 40219 | Depths:2 | Identified the ring of Duddekum {rF+ rC+ Will+ Dex-2 SInv}
 40268 | Depths:2 | Found a gateway to Hell.
 40390 | Depths:1 | Found a sparkling altar of Nemelex Xobeh.
 40860 | Depths:1 | Identified the +6 longbow of Delightful Optimality {heavy,
                  | rN+ Dex+2}
 41438 | Depths:2 | Identified the +3 leather armour "Ketsuemu" {rPois MP+9
                  | Int+3 Dex+3}
 41647 | Depths:2 | Reached skill level 15 in Dodging
 41742 | Depths:2 | Found Pakeipel's Fire Supplies.
 41979 | Depths:2 | Found a one-way gate leading to the halls of Pandemonium.
 42209 | Depths:3 | Reached XP level 25. HP: 214/257 MP: 27/27
 42277 | Depths:3 | Found a one-way gate to the infinite horrors of the Abyss.
 42355 | Depths:3 | Identified the +4 scimitar "Xevyha Tourgh" {freeze, Fragile
                  | rPois Int+4}
 42366 | Depths:3 | Paralysed by a floating eye for 3 turns
 42546 | Depths:3 | Found a one-way gateway to a ziggurat.
 42751 | Depths:3 | Found an iron altar of Okawaru.
 42752 | Depths:3 | Identified the +10 short sword "Ukkietey" {heavy, rElec
                  | rPois rF+ Str+3}
 42932 | Depths:3 | Identified the +6 chain mail of the Chupacabra {Regen+ MP+9
                  | Str-3 Stlth+}
 42970 | Depths:3 | Identified the +3 ring mail "Ekich" {rC- Regen+ rCorr
                  | Int+2}
 43143 | Depths:4 | Entered Level 4 of the Depths
 43259 | Depths:4 | Found a gate to the Realm of Zot.
 44378 | Zot:1    | Entered Level 1 of the Realm of Zot
 45900 | Zot:2    | Got Fimi's Tome of Overcast Bombardment
 46265 | Zot:2    | Identified the amulet "Plog" {Acrobat -Tele Str+5 SInv
                  | Stlth-}
 47030 | Zot:2    | Reached XP level 26. HP: 266/266 MP: 28/28
 47061 | Zot:2    | Got the Incunabulum of Ceraunoscopy
 47451 | Zot:3    | Identified the ring of Jeapoj {rPois rF++ Slay+4 SInv}
 48213 | Zot:4    | Noticed Pongem's ghost (legendary MiAK)
 48221 | Zot:4    | Found a runed translucent door.
 48362 | Zot:4    | Got Hurha's Omnibus of the Nival Coward
 48688 | Zot:5    | Entered Level 5 of the Realm of Zot
 48998 | Zot:5    | Noticed an orb of fire
 49013 | Zot:5    | Noticed an orb of fire
 49017 | Zot:5    | Killed an orb of fire
 49017 | Zot:5    | Noticed an orb of fire
 49021 | Zot:5    | Noticed an orb of fire
 49023 | Zot:5    | Noticed an orb of fire
 49026 | Zot:5    | Noticed an orb of fire
 49027 | Zot:5    | Noticed an orb of fire
 49047 | Zot:5    | Gained mutation: You are vulnerable to cold. (rC-) [an orb
                  | of fire]
 49139 | Zot:5    | Killed an orb of fire
 49144 | Zot:5    | Killed an orb of fire
 49144 | Zot:5    | Noticed an orb of fire
 49146 | Zot:5    | Killed an orb of fire
 49156 | Zot:4    | Killed an orb of fire
 49157 | Zot:4    | Killed an orb of fire
 49220 | Zot:4    | Killed an orb of fire
 49248 | Zot:5    | Gained mutation: You occasionally lose the ability to read
                  | scrolls when taking damage. [an orb of fire]
 49255 | Zot:5    | Killed an orb of fire
 49371 | Zot:5    | Noticed an ancient lich
 49375 | Zot:5    | Noticed a dread lich
 49383 | Zot:5    | Killed an ancient lich
 49394 | Zot:5    | Killed a dread lich
 49611 | Zot:5    | Gained mutation: You are dopey. (Int -2) [mutagenic glow]
 49621 | Zot:5    | Gained mutation: Your body sometimes deteriorates upon
                  | taking damage. [mutagenic glow]
 49638 | Zot:5    | Lost mutation: Your muscles are strong. (Str +4, Int/Dex
                  | -1) [mutagenic glow]
 49711 | Zot:5    | Lost mutation: You are dopey. (Int -2) [potion of mutation]
 49711 | Zot:5    | Lost mutation: Your magical capacity is low. (-10% MP)
                  | [potion of mutation]
 49711 | Zot:5    | Gained mutation: Your skin changes colour to match your
                  | surroundings (Stealth+). [potion of mutation]
 49711 | Zot:5    | Gained mutation: You are robust. (+10% HP) [potion of
                  | mutation]
 49711 | Zot:5    | Gained mutation: Your muscles are strong. (Str +4, Int/Dex
                  | -1) [potion of mutation]
 50148 | Vaults:5 | Lost mutation: Your body sometimes deteriorates upon taking
                  | damage. [potion of mutation]
 50148 | Vaults:5 | Lost mutation: You are robust. (+10% HP) [potion of
                  | mutation]
 50148 | Vaults:5 | Lost mutation: Your skin changes colour to match your
                  | surroundings (Stealth+). [potion of mutation]
 50148 | Vaults:5 | Gained mutation: Armour fits poorly on your strangely
                  | shaped body. [potion of mutation]
 50148 | Vaults:5 | Gained mutation: Your muscles are very strong. (Str +8,
                  | Int/Dex -2) [potion of mutation]
 50149 | Vaults:5 | Lost mutation: You are vulnerable to cold. (rC-) [potion of
                  | mutation]
 50149 | Vaults:5 | Lost mutation: You are strong-willed. (Will+) [potion of
                  | mutation]
 50149 | Vaults:5 | Lost mutation: You occasionally lose the ability to read
                  | scrolls when taking damage. [potion of mutation]
 50149 | Vaults:5 | Lost mutation: Armour fits poorly on your strangely shaped
                  | body. [potion of mutation]
 50149 | Vaults:5 | Gained mutation: You are frail. (-10% HP) [potion of
                  | mutation]
 50149 | Vaults:5 | Gained mutation: You passively map a small area around you.
                  | [potion of mutation]
 51086 | Elf:1    | Bought a wand of digging (11) for 693 gold pieces
 51698 | Zot:5    | Reached XP level 27. HP: 245/245 MP: 1/32
 52070 | Zot:5    | Got the Orb of Zot
 52097 | Zot:3    | Noticed a seraph
 52309 | D:12     | Noticed Suff the pandemonium lord
 52371 | D:9      | Noticed Liddoad the pandemonium lord
 52573 | D:1      | Lost intelligence.
 52576 | D:1      | Gained mutation: You are strong-willed. (Will+) [a neqoxec]
 52580 | D:1      | Gained mutation: You are clumsy. (Dex -2) [a neqoxec]
 52593 | D:$      | Escaped with the Orb!

Illustrated notes

Levels and vault maps discovered:
D:1:      evilmike_arrival_hilbert_curve, layout_basic, minivault_14
D:2:      layout_rooms, basic_altar
D:3:      layout_basic, bloody_makhleb
D:4:      layout_cave_pools, lightli_temple_of_fire, minmay_temple_entry_fiery,
          guppyfry_early_orc_mine
D:5:      layout_layer_cave, worldfamousw_hep_ancestral_shrine,
          gup_sewer_entry_glass, chequers_arboretum
D:6:      layout_basic, nicolae_tso_besieged_by_evil, serial_co_window_serial,
          co_window_corner_a, co_window_paths_a, co_window_paths_a,
          co_window_corner_a, co_window_paths_a, co_window_paths_b,
          co_window_paths_a, co_window_unsneaky_path_b, co_window_corner_ca,
          co_window_broadway_b, co_window_2corner, co_window_corner_ca,
          co_window_4corner_a, uniq_duvessa
D:7:      layout_loops_corners, kennysheep_little_box, old_standard_altar,
          zin_academy
D:8:      layout_gridville, nicolae_uskayaw_en_pointe, serial_shops,
          nicolae_shop_tiny_statue_garden, shop
D:9:      layout_stronghold, david_lair_shrubbed, uniq_psyche, uniq_grum,
          uniq_maurice
D:10:     layout_loops_ring, david_orc_2, serial_glass, glass_columns_c,
          glass_columns_b, dk_rats_in_the_wall
D:11:     lemuel_ice_spiral_2, layout_rooms, kennysheep_orc_sif_temple
D:12:     layout_big_octagon, serial_shops, nicolae_shop_back_alley_shop
D:13:     kennysheep_four_of_diamonds, layout_irregular_city, david_vaults_3,
          serial_shops, shop, nicolae_stop_n_shop_2, st_stairs_2
D:14:     layout_irregular_city, serial_shops, shop, nicolae_shop_statue_plus,
          minmay_misc_feat_secret_circle, nicolae_shop_sticking_my_neck_out
D:15:     grunt_enter_depths_hoard, layout_basic, grunt_qazlal_clouds
Temple:   nicolae_temple_superstar
Lair:1:   layout_loops_ring, serial_bayou_shore_b, grunt_megastairs_5,
          infiniplex_staircase_pool, uniq_amaemon
Lair:2:   layout_roguey, swamp_mist, nicolae_spider_entry_lesser_pyramids,
          uniq_sonja, uniq_gastronok
Lair:3:   layout_roguey, portal_ice_cave_entry_ice_simulacra
Lair:4:   layout_layer_cave
Lair:5:   hangedman_lair_caniforms_friends, layout_long_grid,
          minmay_slime_entry_oklob_enclosed
Swamp:1:  layout_basic_swamp, evilmike_swamp_ruin_house_2
Swamp:2:  nicolae_swamp_phyte_club, layout_basic_swamp,
          evilmike_swamp_ruin_house_6, nicolae_swamp_oxbows
Swamp:3:  layout_basic_swamp, nicolae_swamp_ascending_descending
Swamp:4:  swamp_pestilence, layout_basic_swamp, swamp_pool3,
          infiniplex_staircase_pool_2, uniq_mara, uniq_nikola
Spider:1: layout_spider_delve, uniq_kirke, uniq_agnes, uniq_mlioglotl
Spider:2: nicolae_spider_brood_tunnel
Spider:3: layout_cave_pods, nicolae_spider_bug_shape
Spider:4: grunt_spider_rune_circles, nicolae_spider_webbed_stairs
Orc:1:    layout_caves, uniq_snorg, uniq_erolcha
Orc:2:    st_orc_open, layout_diamond_mine, ebering_ghost_rock_garden,
          basic_altar
Elf:1:    minmay_elf_arrival_plus, layout_loops_ring, orc_legates, minivault_4,
          nicolae_shop_overcharged_wands, uniq_louise
Elf:2:    nicolae_elf_blades_splatter_lattice
          [nicolae_blade_entry_diamond_columns], layout_rooms, serial_shops,
          nicolae_shop_industrial_runoff
Elf:3:    elf_hall, layout_loops_corners, serial_shops, nicolae_shop_tiny_glass,
          nicolae_shop_mannequins, shop, nicolae_lakefront_shop, shop
Vaults:1: v_misc_5, st_squares, nicolae_vaults_door_testing_chamber,
          nicolae_vaults_little_ls, nicolae_vaults_little_squares_3,
          hangedman_vaults_locks, grunt_vaults_diagonal,
          nicolae_vaults_trapezoid_4, ontoclasm_vaults_ligature,
          nicolae_vaults_double_plus_1, hangedman_vaults_trim,
          layout_vaults_omnigrid
Vaults:2: portal_desolation_entry_holy_temple, nicolae_vaults_shelves_hall,
          nicolae_vaults_double_plus_1, ontoclasm_vaults_chip,
          nicolae_vaults_trapezoid_layered, vaults_room_boxed,
          nicolae_vaults_you_can_take_it_with_you, hangedman_vaults_cutoff,
          ontoclasm_vaults_spin, vaults_room_pools,
          nicolae_vaults_little_squares_4, nicolae_vaults_tetromino_T_1,
          v_misc_32, layout_vaults_big_room, serial_shops, shop, uniq_margery,
          uniq_boris
Vaults:3: infiniplex_enter_wizlab_water, v_pattern_1,
          ontoclasm_vaults_decontamination, nicolae_vaults_tangram_1,
          vaults_mumra_hex, minmay_crypt_entry_simple_round,
          vaults_room_semicircle, v_rooms_6, nicolae_vaults_mini_display_case,
          v_misc_22, v_misc_8, hangedman_vaults_restitches,
          nicolae_vaults_house_3, layout_vaults_omnicross
Vaults:4: nicolae_vaults_border_crossing, v_rooms_5, ontoclasm_vaults_shout,
          nicolae_vaults_little_squares_6, nicolae_vaults_storage_closets_1,
          vaults_room_grid, v_misc_13, v_misc_8,
          nicolae_vaults_closet_pinwheel_3, nicolae_vaults_circle_grid_a,
          nicolae_vaults_lightning_bolt, vaults_dpeg_hooks,
          layout_vaults_omnibox
Vaults:5
Depths:1: layout_basic, grunt_hell_entry_dis_mu, roderic_roman_lattice,
          nemelex_spade_bored_becter, grunt_megastairs_4
Depths:2: minmay_triangles_in_corner, layout_small_grid, rand_demon_pan_entry_1,
          chequers_serial_rivers_micro_e, hell_entry, nicolae_shop_fire_sale
          [nicolae_sub_dead_trees], chequers_serial_rivers_small_b, drop_trap,
          minmay_pinched_square, minmay_staircase_windowed_large
Depths:3: evilmike_iron_armoury, layout_cave_pools, enter_ziggurat_b,
          hell_entry, abyss_entry, serial_bayou_pond_b
Depths:4: grunt_zot_entry_tricorne, layout_cave_pools, hell_entry
Zot:1:    layout_basic
Zot:2:    gammafunk_mikee_crab_dinner, layout_cathedral_of_symmetry
Zot:3:    layout_concentric_octagons
Zot:4:    layout_misc_corridors, hellmonk_ghost_big_iron,
          st_single_dragon_hoard_1
Zot:5:    layout_misc_corridors

Skill      XL: |  1  2  3  4  5  6  7  8  9 10 11 12 13 14 15 16 17 18 19 20 21 22 23 24 25 26 27 |
---------------+----------------------------------------------------------------------------------+-----
Armour         | 4 5 6 7 8 9 10 11 12 13 14 15 16 18 20 22 | 22.7
Fighting       | 4 5 6 10 12 14 17 18 20 21 22 23 24 25 26 27 | 27.0
Axes           | 3 4 6 7 9 11 13 15 17 19 20 21 22 23 24 25 26 27 | 27.0
Shields        | 4 5 6 8 9 10 12 13 14 15 16 17 18 19 21 23 24 25 | 25.0
Throwing       | 1 2 3 |  3.6
Stealth        | 1 2 3 |  3.2
Evocations     | 3 5 6 7 8 9 10 11 12 13 | 13.2
Invocations    | 3 5 6 7 8 9 10 12 13 14 | 14.1
Dodging        | 3 6 7 8 9 10 12 13 15 17 18 | 18.2

Action                     |  1- 3 |  4- 6 |  7- 9 | 10-12 | 13-15 | 16-18 | 19-21 | 22-24 | 25-27 || total
---------------------------+-------+-------+-------+-------+-------+-------+-------+-------+-------++-------
  Melee: War axe           |    83 |   114 |   258 |   216 |       |       |       |       |       ||   671
         Headbutt          |    10 |    15 |    68 |    93 |   161 |   259 |   183 |   246 |   290 ||  1325
         Broad axe         |       |       |       |   158 |   779 |  1083 |   729 |   765 |  1053 ||  4567
  Throw: Dart              |       |     2 |     2 |     3 |     9 |    14 |     9 |     1 |     2 ||    42
         Javelin           |       |       |       |       |       |       |       |       |     2 ||     2
 Invoke: Elemental Force   |       |       |       |       |     2 |     1 |       |       |     1 ||     4
         Disaster Area     |       |       |       |       |       |       |     1 |       |     1 ||     2
  Evoke: Wand              |       |       |       |       |    10 |     6 |     1 |     2 |     8 ||    27
         Phantom mirror    |       |       |       |       |       |     2 |     1 |     3 |     1 ||     7
         Box of beasts     |       |       |       |       |       |       |     1 |     2 |       ||     3
         Condenser vane    |       |       |       |       |       |       |       |     1 |       ||     1
         Lightning rod     |       |       |       |       |       |       |       |       |     5 ||     5
    Use: Scroll            |     5 |     7 |     6 |    16 |    20 |     3 |    14 |     5 |     7 ||    83
         Potion            |       |     1 |       |     4 |     9 |     1 |     6 |     2 |     8 ||    31
   Stab: Petrified         |       |       |       |       |     4 |       |       |       |       ||     4
         Petrifying        |       |       |       |       |     1 |       |       |       |       ||     1
         Distracted        |       |       |       |       |     1 |       |       |     1 |     2 ||     4
         Paralysed         |       |       |       |       |       |       |     2 |       |     1 ||     3
 Armour: Chain mail        |    40 |    25 |       |       |       |       |       |       |       ||    65
         Scale mail        |     4 |       |       |       |       |       |       |       |       ||     4
         Plate armour      |       |    43 |       |       |       |       |       |       |       ||    43
         Crystal plate arm |       |    25 |   174 |   198 |   342 |   567 |   231 |   309 |   552 ||  2398
  Dodge: Dodged            |    48 |    37 |    42 |    46 |   107 |   242 |   148 |   210 |   313 ||  1193
         Repelled          |       |       |       |     3 |     9 |     7 |    10 |     5 |    24 ||    58
  Block: Buckler           |    18 |    31 |    80 |   164 |   564 |   898 |   465 |   586 |   898 ||  3704
         Reflection        |       |       |       |    16 |    47 |    42 |    68 |    64 |   113 ||   350
